 Dungeon Sprint DCSS version 0.28-a0-479-g5baa6b73be (webtiles) character file.

Game seed: 4476372759822737467

36 MikeHunt the Insei (level 3, -6/30 HPs)
             Began as a Demonspawn Chaos Knight on Sept 17, 2021.
             Was a Plaything of Xom.
             Mangled by a water elemental (18 damage)
             ... in the Dungeon (Sprint III: "The Ten Rune Challenge").
             The game lasted 00:01:22 (544 turns).

MikeHunt the Insei (Demonspawn Chaos Knight)         Turns: 544, Time: 00:01:22

Health: -6/30      AC:  7    Str: 12    XL:     3   Next: 19%
Magic:  3/3        EV: 12    Int: 13    God:    Xom [..*...]
Gold:   22         SH:  0    Dex: 13    Spells: 2/2 levels left

rFire   . . .      SeeInvis .     - Unarmed
rCold   . . .      Faith    .   (no shield)
rNeg    . . .      Spirit   .   a - +2 leather armour
rPois   .          Reflect  .   (no helmet)
rElec   .          Harm     .   (no cloak)
rCorr   .          Rampage  .   (no gloves)
Will    .....      NoTele   +   (no boots)
Stlth   +.........              (no amulet)
HPRegen 0.10/turn               (no ring)
MPRegen 0.08/turn               (no ring)

@: no status effects
A: hooves 1, molten scales 1
a: Renounce Religion


You were in the Dungeon.
You worshipped Xom.
You were a toy of Xom.
You visited 1 branch You collected 22 gold pieces.

Inventory:

Armour
 a - a +2 leather armour (worn)
Scrolls
 g - a scroll of blinking
 h - a scroll of enchant armour {unknown}
 i - a scroll of immolation {unknown}
 j - a scroll of enchant weapon {unknown}
 l - a scroll of torment {unknown}
 m - a scroll of identify {unknown}
Potions
 b - a potion of curing
 d - a potion of haste
 e - 2 potions of magic
 f - 3 potions of mutation {unknown}
 k - 3 potions of flight
 n - a potion of ambrosia {unknown}


   Skills:
 + Level 4.1 Fighting
 - Level 1.7 Armour
 + Level 2.5 Dodging
 * Level 5.2 Unarmed Combat


You had 2 spell levels left.
You didn't know any spells.
Your spell library was empty.

Dungeon Overview and Level Annotations

Branches:
Dungeon (1/1)

Altars:


Innate Abilities, Weirdness & Mutations

You have large cloven feet.
You are partially covered in molten scales. (AC +2)


Message History

The water elemental is heavily damaged.
You completely miss the water elemental.
The water elemental is heavily damaged.
The water elemental closely misses you.
You hit the water elemental. Your kick misses the water elemental.
The water elemental is heavily damaged.
The water elemental barely misses you.
You closely miss the water elemental.
The water elemental is heavily damaged.
The water elemental hits you.
The water elemental engulfs you in water!
You slip free of the water engulfing you.
You gasp with relief as air once again reaches your lungs.
You hit the water elemental but do no damage.
Your kick misses the water elemental.
The water elemental is heavily damaged.
The water elemental hits you!
Ouch! That really hurt!
* * * LOW HITPOINT WARNING * * *
The water elemental engulfs you in water!
You slip free of the water engulfing you.
You gasp with relief as air once again reaches your lungs.
You feel much better. The water elemental hits you!!
Ouch! That really hurt!
The water elemental engulfs you in water!
You slip free of the water engulfing you.
You gasp with relief as air once again reaches your lungs.
You see here a human corpse.
You hit the water elemental.
The water elemental is severely damaged.
The water elemental closely misses you.
You barely miss the water elemental.
The water elemental is severely damaged.
The water elemental misses you.
You barely miss the water elemental.
The water elemental is severely damaged.
The water elemental hits you!!
Ouch! That really hurt!
You die...
Xom titters!

▓...#......#####..# ∆
▓..##.......#..#..#∆ ∆
▓##.##.##...#..#..###+#+##
##.##.###..##'#..#.......
▓#.####.##..###...'.⌠.....
▓.###..##..####...#...####
▓#.....##..###....#.⌠.#
###..##...##.....#...#∆
#..##....#@E....#+###
#..###..##.#.....# ∆∆ #).#
#.. ####....# ▓▓▓▓ ▓▓▓
▓▓▓▓▓▓ ∆


You could see a water elemental.

Vanquished Creatures
  A human (D)
  A wolf (D)
  2 endoplasms (D)
  2 rats (D)
6 creatures vanquished.

Vanquished Creatures (others)
  2 plants (D)
2 creatures vanquished.

Grand Total: 8 creatures vanquished

Notes
Turn   | Place    | Note
-------+----------+-------------------------------------------
     0 | D        | MikeHunt the Demonspawn Chaos Knight began the quest for
                  | the Orb.
     0 | D        | Reached XP level 1. HP: 18/18 MP: 1/1
    21 | D        | Reached skill level 3 in Unarmed Combat
   278 | D        | Reached skill level 1 in Dodging
   359 | D        | XOM: divination: detect items
   373 | D        | Reached skill level 4 in Unarmed Combat
   373 | D        | Gained mutation: You have large cloven feet. [demonic
                  | ancestry]
   373 | D        | Reached XP level 2. HP: 25/25 MP: 2/2
   377 | D        | Reached skill level 5 in Unarmed Combat
   377 | D        | Gained mutation: You are partially covered in molten
                  | scales. (AC +2) [demonic ancestry]
   377 | D        | Reached XP level 3. HP: 22/30 MP: 3/3
   519 | D        | Noticed a water elemental
   526 | D        | XOM: potion effect (heal wounds)
   544 | D        | Mangled by a water elemental

Illustrated notes

Levels and vault maps discovered:
D:        dungeon_sprint_mu [sprint_mu_entry_cave, sprint_mu_temple_rooms,
          sprint_mu_d1_spiders, sprint_mu_d2_genie, sprint_mu_d3_branching,
          sprint_mu_orc_legion, sprint_mu_elf_gauntlet, sprint_mu_hive_nellie,
          sprint_mu_lair_fedhas, sprint_mu_vaults_butterflies,
          sprint_mu_slime_circle, sprint_mu_swamp_cave, sprint_mu_snake_twists,
          sprint_mu_blade_basic, sprint_mu_crypt_chambers,
          sprint_mu_tomb_spiral, sprint_mu_vestibule_basic,
          sprint_mu_gehenna_hellfire, sprint_mu_dis_giant,
          sprint_mu_tartarus_statrot, sprint_mu_cocytus_islands, sprint_mu_zot1]

Skill      XL: |  1  2 |
---------------+-------+-----
Unarmed Combat | 4 5 |  5.2
Dodging        | 2 |  2.5
Fighting       | 4 |  4.1
Armour         | |  1.7

Action                   || total
-------------------------++-------
Melee: Unarmed           ||    46
       Kick              ||     5
  Use: Potion            ||     2
 Stab: Sleeping          ||     2
Armor: Leather armour    ||     6
Dodge: Dodged            ||    20

Table legend: (Time is in decaauts)
 A = Elapsed time spent in this place.
 B = Non-inter-level travel time spent in this place.
 C = Inter-level travel time spent in this place.
 D = Time resting spent in this place.
 E = Time spent auto-exploring this place.
 F = Levels seen in this place.
 G = Mean time per level.
                   A        B        C        D        E       F      G
               +--------+--------+--------+--------+--------+-----+--------+
         Total |    545 |    545 |      0 |    431 |      0 |   1 |  545.0 |
       Dungeon |    545 |    545 |      0 |    431 |      0 |   1 |  545.0 |
               +--------+--------+--------+--------+--------+-----+--------+

Top non-repeatable levels by time:
       D: 545 daAuts
